 Dungeon Crawl Stone Soup version 0.30-a0-760-g5a9884bb7c (webtiles) character file.

Game seed: 10435926140983950101

16 sircluck the Sneak (level 2, 0/18 HPs)
             Began as a Kobold Brigand on Feb 10, 2023.
             Slain by an iguana (13 damage)
             ... on level 4 of the Dungeon.
             The game lasted 00:02:08 (490 turns).

sircluck the Sneak (Kobold Brigand)                  Turns: 490, Time: 00:02:08

Health: 0/18       AC:  3    Str:  8    XL:     2   Next: 75%
Magic:  2/2        EV: 14    Int: 12    God:
Gold:   34         SH:  0    Dex: 16    Spells: 1/1 levels left

rFire   . . .      SeeInvis .    a - +2 dagger
rCold   . . .      Faith    .    (no shield)
rNeg    . . .      Spirit   .    b - +0 robe
rPois   .          Reflect  .    (no helmet)
rElec   .          Harm     .    c - +0 cloak
rCorr   .          Rampage  .    (no gloves)
Will    .....                    (no boots)
Stlth   ++++                     (no amulet)
HPRegen 0.23/turn                (no ring)
MPRegen 0.08/turn                (no ring)

@: no status effects
A: small, no large weapons, nightstalker 3
a: no special abilities


You were on level 4 of the Dungeon.
You visited 1 branch of the dungeon, and saw 4 of its levels.

You collected 34 gold pieces.

Inventory:

Hand Weapons
 a - a +2 dagger (weapon)
 f - a +0 dagger of electrocution
Missiles
 d - 7 poisoned darts (quivered)
 e - 3 curare-tipped darts
Armour
 b - a +0 robe (worn)
 c - a +0 cloak (worn)
Scrolls
 g - a scroll of magic mapping {unknown}
Potions
 h - a potion of mutation {unknown}
 i - a potion of might {unknown}
 j - a potion of flight {unknown}


   Skills:
 + Level 2.3 Fighting
 + Level 2.7 Short Blades
 + Level 2.4 Throwing
 + Level 1.2 Dodging
 + Level 6.0 Stealth


You had one spell level left.
You didn't know any spells.
Your spell library contained the following spells:

 Spells                   Type           Power      Damage    Failure   Level
 Ozocubu's Armour         Ice            0%         N/A       69%         3
 Ozocubu's Refrigeration  Ice            0%         4d7       100%        7


Dungeon Overview and Level Annotations

Branches:
Dungeon (4/15)
 Temple: D:4-7

Altars:


Innate Abilities, Weirdness & Mutations

You are small and have problems with some larger weapons.
You are completely attuned to the shadows.


Message History

You climb downwards.
There is a stone staircase leading up here.
A dart slug comes into view.
The helpless dart slug fails to defend itself.
You impale the dart slug!!
You kill the dart slug!
Your Stealth skill increases to level 6!
You open the door.
Found 10 gold pieces.
There is an open door here.
You now have 34 gold pieces (gained 10). 2 orcs come into view.
An iguana comes into view.
An orc wizard and a hobgoblin come into view.
The orc shouts!
The hobgoblin shouts!
The orc shouts!
You hear a shout!
The orc throws a boomerang.
The boomerang hits you.
An orc comes into view. It is wielding a +0 morningstar.
The orc closely misses you.
The orc wizard shouts!
The iguana hisses angrily.
You hit the orc.
The orc is severely wounded.
The orc hits you with a +0 mace.
The orc wizard mumbles some strange words.
The orc wizard flickers and vanishes!
Deactivating autopickup; reactivate with Ctrl-A.
The hobgoblin hits you. The orc hits you but does no damage.
The iguana attacks as you move away! The iguana barely misses you.
The iguana attacks as you move away! The iguana bites you.
There is an open door here.
You hit the iguana but do no damage. The iguana barely misses you.
You hit the iguana.
The iguana is moderately wounded.
The iguana misses you.
You hit the iguana.
The iguana is heavily wounded.
The iguana closely misses you.
You hit the iguana but do no damage.
The iguana is heavily wounded.
The iguana bites you!
Ouch! That really hurt!
You die...

#......# #......#
#......# #..†...#
#......# #......#
#.#@#### #.#l#
#...# ####.#g#
#...#. #<...#o#
#.....
######.#####...##
#...go.o....
######.o...#
+...... #.....#


You could see an iguana, an orc and a hobgoblin.

Vanquished Creatures
  2 dart slugs
  A ball python (D:1)
  2 endoplasms
  2 goblins
  A hobgoblin (D:1)
  A kobold (D:2)
  2 bats
  A frilled lizard (D:2)
12 creatures vanquished.

Notes
Turn   | Place    | Note
-------+----------+-------------------------------------------
     0 | D:1      | sircluck the Kobold Brigand began the quest for the Orb.
     0 | D:1      | Reached XP level 1. HP: 12/12 MP: 1/1
    93 | D:1      | Reached XP level 2. HP: 13/18 MP: 2/2
   460 | D:4      | Reached skill level 6 in Stealth
   490 | D:4      | Slain by an iguana

Illustrated notes

Levels and vault maps discovered:
D:1:      wander_arrival_chamber, layout_basic, dk_noncrumbling_3
D:2:      layout_basic, basic_altar, kennysheep_flooded_box
D:3:      layout_loops_ring, gammafunk_ghost_smash, uniq_sigmund
D:4:      layout_basic, serial_shops, nicolae_shop_hallway_stairs,
          minmay_between

Skill      XL: |  1  2 |
---------------+-------+-----
Stealth        | 6 |  6.0
Fighting       | |  2.3
Short Blades   | |  2.7
Throwing       | |  2.4
Dodging        | |  1.2

Action                     || total
---------------------------++-------
  Melee: Dagger            ||    40
  Throw: Dart              ||     8
   Stab: Sleeping          ||     3
         Distracted        ||     1
 Armour: Robe              ||     9
  Dodge: Dodged            ||    30

Table legend: (Time is in decaauts)
 A = Elapsed time spent in this place.
 B = Non-inter-level travel time spent in this place.
 C = Inter-level travel time spent in this place.
 D = Time resting spent in this place.
 E = Time spent auto-exploring this place.
 F = Levels seen in this place.
 G = Mean time per level.
                   A        B        C        D        E       F      G
               +--------+--------+--------+--------+--------+-----+--------+
         Total |    483 |    449 |     34 |      0 |    117 |   4 |  120.8 |
       Dungeon |    483 |    449 |     34 |      0 |    117 |   4 |  120.8 |
               +--------+--------+--------+--------+--------+-----+--------+

Top non-repeatable levels by time:
     D:2: 162 daAuts
     D:3: 148 daAuts
     D:1: 132 daAuts
     D:4: 39 daAuts
